 Dungeon Crawl Stone Soup version 0.29.1-2-gbd0b4ee654 (webtiles) character file.

Game seed: 2612218467779725146

11 sanboga the Trooper (level 2, 24/24 HPs)
             Began as a Demonspawn Berserker on Nov 29, 2022.
             Was a Follower of Trog.
             Quit the game on level 1 of the Dungeon.
             The game lasted 00:00:46 (466 turns).

sanboga the Trooper (Demonspawn Berserker)           Turns: 466, Time: 00:00:47

Health: 24/24      AC: 10    Str: 17    XL:     2   Next: 13%
Magic:  2/2        EV:  5    Int:  8    God:    Trog [*.....]
Gold:   58         SH:  0    Dex: 12    Spells: 1/1 levels left

rFire   . . .      SeeInvis .   d - +1 spear (flame)
rCold   . . .      Faith    .   (no shield)
rNeg    . . .      Spirit   .   e - +0 plate armour
rPois   .          Reflect  .   (no helmet)
rElec   .          Harm     .   (no cloak)
rCorr   .          Rampage  .   (no gloves)
Will    .....                   (no boots)
Stlth   ..........              (no amulet)
HPRegen 0.08/turn               (no ring)
MPRegen 0.16/turn               (no ring)

@: no status effects
A: magic regeneration
a: Renounce Religion, Berserk


You were on level 1 of the Dungeon.
You worshipped Trog.
Trog was aware of your devotion.
You visited 1 branch of the dungeon, and saw 1 of its levels.

You collected 58 gold pieces.

Inventory:

Hand Weapons
 d - a +1 spear of flaming (weapon)
Armour
 e - a +0 plate armour (worn)
Scrolls
 a - a scroll of identify {unknown}
 g - a scroll of noise {unknown}
 h - a scroll of amnesia {unknown}
 i - a scroll of fear {unknown}
Potions
 b - a potion of magic {unknown}
 c - a potion of heal wounds {unknown}
 f - a potion of haste {unknown}
 j - a potion of flight {unknown}


   Skills:
 + Level 3.1 Fighting
 + Level 2.0 Armour
 - Level 1.7 Dodging
 * Level 3.0 Unarmed Combat


You had one spell level left.
You didn't know any spells.
Your spell library was empty.

Dungeon Overview and Level Annotations

Branches:
Dungeon (1/15)

Altars:


Innate Abilities, Weirdness & Mutations

You regenerate magic rapidly.


Message History

You closely miss the ball python.
The ball python bites you but does no damage.
The ball python grabs you. The ball python constricts you.
A ball python is nearby!
A ball python is nearby!
You barely miss the ball python.
The ball python bites you but does no damage.
The ball python constricts you.
The ball python bites you but does no damage.
The ball python constricts you.
A ball python is nearby!
You hit the ball python. You burn the ball python.
You kill the ball python!
Trog accepts your kill.
You see here a +0 robe.
Key pressed, stopping explore.
No target in view!
Key pressed, stopping explore.
No target in view!
No target in view!
No target in view!
j - a lumpy sapphire potion Key pressed, stopping explore.
No target in view!
Found a faded altar of an unknown god.
A bat comes into view.
A bat is nearby!
The bat hits you but does no damage.
A bat is nearby!
You hit the bat. You burn the bat.
You kill the bat!
Trog accepts your kill.
No target in view!
There is a faded altar of an unknown god here.
A bat comes into view.
The bat hits you but does no damage.
You barely miss the bat. The bat hits you but does no damage.
A bat is nearby!
A bat is nearby!
Are you sure you want to abandon this character and quit the game? (Confirm with "yes".)

#.###..P.#PP..###.# ##
#...P..P#....P..# ##
#.##.....P.#.P.....##.#
#..P.PPP.P#.P...PP..#
#...P....._...P....$#
##.P..P..P.#.....P.PP#
#.##.......#.P.....##
##..#P...P..#.P...PP#
.#...###....#...@###.#
.#......#########.b..#
.#....##....# ##....###
.##.#######.# ##...###
.##.# #.# #...# # ..#.#
#.## #:..# .# #.#.#
#..# #...# ..# #.#.#
##.# #...##.# ..#.# #.#
###......#


You could see a bat.

Vanquished Creatures
  2 ball pythons (D:1)
  A hobgoblin (D:1)
  A quokka (D:1)
  A bat (D:1)
  A frilled lizard (D:1)
  A goblin (D:1)
  6 rats (D:1)
13 creatures vanquished.

Notes
Turn   | Place    | Note
-------+----------+-------------------------------------------
     0 | D:1      | sanboga the Demonspawn Berserker began the quest for the
                  | Orb.
     0 | D:1      | Reached XP level 1. HP: 18/18 MP: 1/1
   335 | D:1      | Gained mutation: You regenerate magic rapidly. [demonic
                  | ancestry]
   335 | D:1      | Reached XP level 2. HP: 24/24 MP: 2/2
   440 | D:1      | Found a faded altar of an unknown god.
   466 | D:1      | Quit the game

Illustrated notes

Levels and vault maps discovered:
D:1:      lightli_arrival_statue_moat, layout_rooms,
          shapermc_ecumenical_altar_gd

Skill      XL: |  1  2 |
---------------+-------+-----
Unarmed Combat | 3 |  3.0
Armour         | 2 |  2.0
Fighting       | |  3.1
Dodging        | |  1.7

Action                   || total
-------------------------++-------
Melee: Unarmed           ||    21
       Spear             ||    28
       Punch             ||     1
Armor: Animal skin       ||     4
       Plate armour      ||    10
Dodge: Dodged            ||    29
